 Dungeon Crawl Stone Soup version 0.17-a0-2171-ga91b4ec (webtiles) character file.

189 Ijustatesigmund the Sneak (level 5, 0/42 HPs)
             Began as a Naga Wizard on Oct 25, 2015.
             Slain by an ogre
             ... wielding a +0 giant club
              (24 damage)
             ... on level 4 of the Dungeon.
             The game lasted 00:11:34 (4234 turns).

Ijustatesigmund the Sneak (Naga Wizard)             Turns: 4234, Time: 00:11:34

Health: 0/42       AC:  8    Str: 10    XL:     5   Next: 68%
Magic:  1/9        EV:  9    Int: 19    God:
Gold:   104        SH:  0    Dex:  9    Spells: 4 memorised, 2 levels left

rFire  . . .     SeeInvis +     u - -2 hunting sling (curse)
rCold  . . .     Clarity  .     a - +0 robe
rNeg   . . .     SustAt   +     (no shield)
rPois  +         Gourm    .     j - +1 helmet
rElec  .         Spirit   .     (no cloak)
rCorr  .         Warding  .     (no gloves)
rMut   .         Stasis   .     (no barding)
MR     .....                    (no amulet)
Stlth  +++.......               g - +4 ring of protection
                                f - ring of sustain attributes

@: very slow, not resistant to hostile enchantments, fairly stealthy
A: see invisible, deformed body, poison resistance, slowness 2, slow metabolism
1, spit poison 2, AC +1
a: Spit Poison


You were on level 4 of the Dungeon.
You were not hungry.

You visited 1 branch of the dungeon, and saw 4 of its levels.

You collected 104 gold pieces.

Inventory:

Hand Weapons
 i - a +0 short sword
 o - a +0 blowgun
 u - a cursed -2 hunting sling (weapon)
Missiles
 p - 9 poisoned needles
 v - 38 stones (quivered)
Armour
 a - a +0 robe (worn)
 j - a +1 helmet (worn)
Jewellery
 e - an uncursed ring of magical power {unknown}
 f - a ring of sustain attributes (left hand)
 g - a +4 ring of protection (right hand)
Scrolls
 b - 3 scrolls of teleportation
Potions
 h - 2 potions of heal wounds
 k - a potion of magic {unknown}
 l - a potion of mutation {unknown}
 m - a potion of might {unknown}
 s - a potion of brilliance {unknown}
 t - 2 potions of curing {unknown}
Books
 c - a book of Minor Magic

   Spells                             Type                      Level
   a - Magic Dart                     Conjuration                  1
   b - Blink                          Translocation                2
   c - Call Imp                       Summoning                    2
   d - Repel Missiles                 Charms/Air                   2
   e - Slow                           Hexes                        2
   f - Conjure Flame                  Conjuration/Fire             3
   g - Mephitic Cloud                 Conjuration/Poison/Air       3
 n - a Grand Grimoire

   Spells                             Type                      Level
   a - Monstrous Menagerie            Summoning                    6
   b - Summon Greater Demon           Summoning                    7
   c - Malign Gateway                 Summoning/Translocation      7
   d - Summon Horrible Things         Summoning                    8
Comestibles
 d - 6 bread rations
 r - a beef jerky


   Skills:
 - Level 1.3 Short Blades
 - Level 1.5 Dodging
 + Level 5.7 Stealth
 - Level 3.0 Spellcasting
 + Level 2.8 Conjurations
   Level 1.0 Summonings
 - Level 1.0 Translocations
 - Level 2.0 Air Magic
 + Level 1.8 Poison Magic


You had 2 spell levels left.
You knew the following spells:

 Your Spells              Type           Power        Failure   Level  Hunger
a - Magic Dart            Conj           ##..         6%          1    None
b - Blink                 Tloc           N/A          17%         2    ##.....
c - Repel Missiles        Chrm/Air       #.....       17%         2    ##.....
d - Mephitic Cloud        Conj/Pois/Air  ##......     21%         3    ###....


Dungeon Overview and Level Annotations

Branches:
Dungeon (4/15)
 Temple: D:4-7

Altars:
Elyvilon
Trog


Innate Abilities, Weirdness & Mutations

You cannot wear boots.
Your serpentine skin is tough (AC +1).
You have supernaturally acute eyesight.
Armour fits poorly on your strangely shaped body.
Your system is resistant to poisons.
You cover ground very slowly.
You have a slow metabolism.
You can spit poison.


Message History

Firing (i - inventory):
v - 40 stones (quivered)
Press: ? - help, Shift-Dir - straight line, f/p - ogre
Aim: an ogre, wielding a giant club (heavily wounded, confused)
You shoot a stone.
The stone hits the ogre but does no damage.
The ogre is heavily wounded.
The ogre seems less confused.
The ogre completely misses you.
Firing (i - inventory):
v - 39 stones (quivered)
Press: ? - help, Shift-Dir - straight line, f/p - ogre
Aim: an ogre, wielding a giant club (heavily wounded)
You shoot a stone.
The stone hits the ogre but does no damage.
The ogre is heavily wounded.
The ogre hits you with a giant club!
The giant newt bites you but does no damage.
The giant newt bites you.
The giant newt bites you but does no damage.
The ogre hits you with a giant club!!
Ouch! That really hurt!
You die...

.....+
###+#####.....#
#.............l
#..............
+..............
#..............
#......<.....O.
....###'##+###.
. #.@.# #lO(#
+..(+ #.(.#
#.### #.# ...
.... .....


You could see an ogre and a giant newt.

Vanquished Creatures
  The ghost of kal9871 the Insei, an amateur OpTm (D:3)
  An adder (D:3)
  4 oozes
  4 worms (D:2)
  A giant gecko (D:1)
  4 orcs (D:3)
  11 bats
  9 goblins
  11 hobgoblins
  A jackal (D:1)
  9 kobolds
  A ball python (D:3)
  8 giant newts
  14 rats
79 creatures vanquished.

Notes
Turn   | Place    | Note
--------------------------------------------------------------
     0 | D:1      | Ijustatesigmund the Naga Wizard began the quest for the Orb.
     0 | D:1      | Reached XP level 1. HP: 15/15 MP: 4/4
   156 | D:1      | Reached XP level 2. HP: 14/22 MP: 0/6
   377 | D:1      | Learned a level 2 spell: Blink
   380 | D:1      | Learned a level 2 spell: Repel Missiles
   691 | D:1      | Reached skill level 4 in Stealth
  1047 | D:2      | Reached XP level 3. HP: 26/28 MP: 0/7
  1616 | D:1      | Reached skill level 1 in Short Blades
  2072 | D:2      | Found a white marble altar of Elyvilon.
  2202 | D:2      | Noticed a moth of wrath
  2205 | D:2      | Found a bloodstained altar of Trog.
  2450 | D:2      | Reached XP level 4. HP: 30/36 MP: 0/8
  2455 | D:2      | Learned a level 3 spell: Mephitic Cloud
  3219 | D:3      | Noticed kal9871's ghost (amateur OpTm)
  3239 | D:3      | Killed kal9871's ghost
  3239 | D:3      | Reached skill level 5 in Stealth
  3239 | D:3      | Reached skill level 1 in Air Magic
  3239 | D:3      | Reached skill level 1 in Poison Magic
  3239 | D:3      | Reached XP level 5. HP: 36/42 MP: 5/9
  4214 | D:4      | Noticed an ogre
  4234 | D:4      | Slain by an ogre

Vault maps used:
D:1:      scummos_arrival_checkerplants, minmay_liquid_box
D:2:      elyvilon_altar_5, first_bread, tgw_trog
D:4:      nicolae_overflow_hidden_temple, nemelex_xobeh_ov_fountains_minmay,
          grunt_gozag_statues, okawaru_trees_1, serial_shops,
          nicolae_shop_statue_plus

Action                   |  1- 3 |  4- 6 || total
-------------------------+-------+-------++-------
Melee: Whip              |    15 |       ||    15
       Short sword       |    34 |    60 ||    94
 Fire: Hunting sling     |       |     4 ||     4
 Cast: Magic Dart        |   108 |    90 ||   198
       Repel Missiles    |     1 |       ||     1
       Mephitic Cloud    |       |     1 ||     1
  Use: Scroll            |     3 |     1 ||     4
       Potion            |       |     1 ||     1
 Stab: Sleeping          |     1 |     2 ||     3
  Eat: Chunk             |     2 |     4 ||     6
       Pizza             |       |     1 ||     1
